 Dungeon Crawl Stone Soup version 0.16-a0-1761-g9575c7c (webtiles) character file.

128879 Psiweapon the Sharpshooter (level 17, -4/96 (102) HPs)
             Began as a Kobold Hunter on Oct 29, 2014.
             Was the Champion of Okawaru.
             Slain by a giant leech (25 damage)
             ... on level 2 of the Swamp on Oct 31, 2014.
             The game lasted 05:29:52 (40002 turns).

Psiweapon the Sharpshooter (Kobold Hunter)         Turns: 40002, Time: 05:29:52

HP:   -4/96 (102)   AC: 15    Str: 15    XL:     17   Next: 60%
MP:   25/26         EV: 28    Int: 14    God:    Okawaru [******]
Gold: 2438          SH:  0    Dex: 21    Spells: 4 memorised, 2 levels left

rFire  + . .     SeeInvis .     a - +2 triple crossbow (flame)
rCold  + . .     Rnd*Rage +     E - +3 leather armour {rC+}
rNeg   . . .     SustAb   .     (no shield)
rPois  +         Gourm    .     G - +0 helmet {Int+3}
rElec  .         Spirit   .     n - +2 cloak "Omounane" {+Fly Dex+1}
rCorr  .         Warding  .     m - +0 pair of gloves {archery}
rMut   .         Stasis   .     w - +2 pair of boots {run}
MR     +....                    S - cursed amulet of faith
Stlth  +++++.....               u - ring of invisibility
                                B - ring "Woso Tao" {rF+ Str+3 Slay+4}

@: quick, somewhat resistant to hostile enchantments, quite stealthy
A: berserk 1, carnivore 3, low mp 1, poison resistance, placid magic 1,
MP-powered wands 1
a: Heroism, Finesse, Renounce Religion, Evoke Invisibility, Evoke Flight


You were on level 2 of the Swamp.
You worshipped Okawaru.
Okawaru was exalted by your worship.
You were full.

You visited 5 branches of the dungeon, and saw 30 of its levels.
You also visited: Ice Cave.

You collected 2940 gold pieces.
You spent 502 gold pieces at shops.

Inventory:

Hand weapons
 a - a +2 triple crossbow of flaming (weapon)
 b - the +9 long sword of Seacw {pain, rF+}
   (You found it on level 9 of the Dungeon)

   In the hands of one skilled in necromantic magic, it inflicts extra damage on
   living creatures.
   It protects you from fire.
 t - the +3 rapier of Sudden Death {holy, -Cast rElec Str+2 SInv}
   (You found it on level 2 of the Lair of Beasts)

   It has been blessed by the Shining One to cause great damage to the undead
   and demons.
   It affects your strength (+2).
   It insulates you from electricity.
   It enhances your eyesight.
   It prevents spellcasting.
 F - the +8 dagger of the Lair of Beasts {venom, Str+2}
   (Okawaru gifted it to you on level 6 of the Lair of Beasts)

   It poisons the flesh of those it strikes.
   It affects your strength (+2).
Missiles
 c - 69 bolts
 h - 6 throwing nets
 j - 64 bolts of flame
 H - 50 poisoned bolts
 P - 31 bolts of penetration
 Q - 17 steel bolts
 V - 72 bolts of frost (quivered)
Armour
 m - a +0 pair of gloves of archery (worn)
 n - the +2 cloak "Omounane" (worn) {+Fly Dex+1}
   (Okawaru gifted it to you on level 8 of the Lair of Beasts)

   It affects your dexterity (+1).
   It lets you fly.
 w - a +2 pair of boots of running (worn)
 E - a +3 leather armour of cold resistance (worn)
 G - a +0 helmet of intelligence (worn)
Jewellery
 u - a ring of invisibility (right hand)
 y - an uncursed ring of ice
 B - the ring "Woso Tao" (left hand) {rF+ Str+3 Slay+4}
   (You found it on level 11 of the Dungeon)

   [ring of strength]

   It affects your strength (+3).
   It affects your accuracy and damage with ranged weapons and melee attacks
   (+4).
   It protects you from fire.
 S - a cursed amulet of faith (around neck)
 W - an uncursed ring of wizardry
Magical devices
 e - a wand of confusion (48)
 x - a wand of digging (17)
 C - a wand of enslavement (6)
 M - a wand of polymorph (12)
 R - a wand of draining (6)
 T - a wand of disintegration (16)
Scrolls
 d - 4 scrolls of teleportation
 v - 3 scrolls of magic mapping
 I - 3 scrolls of blinking
 L - a scroll of fog
 X - 3 scrolls of remove curse
Potions
 i - 5 potions of might
 k - 2 potions of brilliance
 l - a potion of cancellation
 p - a potion of magic
 r - 2 potions of lignification
 z - 4 potions of restore abilities
 D - 5 potions of heal wounds
 J - 5 potions of curing
 N - 3 potions of haste
 O - 3 potions of agility
 Y - 2 potions of resistance
Miscellaneous
 g - a lamp of fire
 o - a fan of gales
 s - a lamp of fire
 A - a lantern of shadows
 K - a phial of floods
 U - a disc of storms
Comestibles
 f - 11 meat rations
 Z - 11 beef jerkies


   Skills:
 - Level 10.0 Fighting
 - Level 10.8(14.1) Short Blades
 - Level 10.2(11.1) Long Blades
 - Level 15.2 Crossbows
 - Level 5.4 Armour
 + Level 14.3 Dodging
 - Level 10.1 Stealth
 + Level 6.7 Charms
 - Level 10.0 Necromancy
 - Level 5.1 Ice Magic
 - Level 10.0 Evocations


You had 2 spell levels left.
You knew the following spells:

 Your Spells              Type           Power        Failure   Level  Hunger
a - Throw Frost           Conj/Ice       #.....       9%          2    ###....
b - Agony                 Necr           ###.....     7%          5    ######.
c - Ozocubu's Armour      Chrm/Ice       ##......     4%          3    ####...
d - Condensation Shield   Ice            #.........   24%         4    #####..


Dungeon Overview and Level Annotations

Branches:
Dungeon (15/15)            Temple (1/1) D:7             Orc (4/4) D:11
    Elf (0/3) Orc:3          Lair (8/8) D:9           Swamp (2/5) Lair:6
 Spider (0/5) Lair:6        Slime (0/6) Lair:8       Vaults (0/5) D:13
 Depths (0/5) D:15

Altars:
Ashenzari
Cheibriados
Dithmenos
Elyvilon
Fedhas
Gozag
Kikubaaqudgha
Makhleb
Nemelex Xobeh
Okawaru
Qazlal
Ru
Sif Muna
Trog
Vehumet
Xom
Yredelemnul
Zin
The Shining One
Beogh

Shops:
D:6 (   Orc:4 !*(!

Annotations:
D:4 Natasha


Innate Abilities, Weirdness & Mutations

You are small and have problems with some larger weapons.
You are carnivorous and can eat meat at any time.
You tend to lose your temper in combat.
Your magical capacity is low (-10% MP).
Your system is resistant to poisons.
Your spells are a little easier to cast, but a little less powerful.
You expend magic power (6 MP) to slightly strengthen your wands.


Message History

The raven closely misses you.
You slice the raven!!
You kill the raven!
Okawaru accepts your kill.
It bursts into flame!
a - a +2 triple crossbow of flaming (weapon)
Firing (i - inventory. (,) - cycle):
V - 74 bolts of frost (quivered)
Press: ? - help, Shift-Dir - straight line, f - giant leech
Aim: a giant leech (moderately wounded)
You shoot a bolt of frost. The bolt of frost hits the giant leech!
The giant leech is heavily wounded.
Firing (i - inventory. (,) - cycle):
V - 73 bolts of frost (quivered)
Press: ? - help, Shift-Dir - straight line, f/p - giant leech
Aim: a giant leech (heavily wounded)
You shoot a bolt of frost.
The bolt of frost hits the giant leech!!
The giant leech is almost dead.
You hear a splash.
The giant leech bites you!!
You die...

≈b≈(≈≈≈≈≈....≈.≈.≈
♣.≈≈≈≈.≈≈.......≈.
♣†≈≈≈≈≈≈≈≈..≈≈.≈♣.
♣.≈≈≈≈≈≈≈≈..≈≈≈♣♣.
♣...≈≈≈.....≈≈§♣♣.
♣..≈≈≈≈≈≈....≈≈♣♣.
♣..(≈≈≈≈...>...♣§≈
♣♣≈w≈≈≈≈≈...≈≈≈≈.♣♣
♣.@≈≈≈≈..≈.≈≈≈≈≈.♣
♣♣≈≈...♣≈.≈≈≈≈≈≈♣♣♣
♣.........≈≈≈≈≈♣♣♣
♣♣.§≈§.≈≈..≈≈≈..♣♣
♣..≈.♣♣♣♣.≈≈≈..♣♣
♣♣≈≈♣♣ ♣≈≈......♣
♣.≈♣♣ ♣♣♣.≈≈.≈≈♣
♣[≈♣ ♣♣≈≈≈≈≈≈. ♣.≈♣
♣<≈≈..≈≈≈


You could see a giant leech and a raven.

Vanquished Creatures
  A frost giant (IceCv)
  Maud (Lair:6)
  A ghoul (Swamp:2)
  Snorg (Swamp:1)
  7 hydras
  Harold (Lair:7)
  An ice dragon (Lair:8)
  6 centaur warriors
  Erica (Lair:3)
  A deep troll shaman (Lair:8)
  An ogre mage (D:15)
  2 alligators (Swamp:1)
  17 death yaks
  2 tengu warriors
  A catoblepas (Lair:8)
  Nergalle (Lair:7)
  A deep elf knight (D:13)
  4 orc high priests (Orc:4)
  2 unseen horrors
  Erolcha (D:9)
  A wizard (D:14)
  An ice statue (IceCv)
  7 hill giants
  Pikel (D:7)
  3 deep elf conjurers (D:15)
  4 swamp dragons
  4 orc knights
  A griffon (D:13)
  A necromancer (D:15)
  A lindwurm (Lair:8)
  3 orc sorcerers
  5 cyclopes
  27 ugly things
  19 elephants
  Maurice (D:9)
  Joseph (Lair:1)
  2 torpor snails
  The ghost of Siddhartha the Cudgeler, an experienced VSGl of Makhleb (D:6)
  3 gargoyles
  A rust devil (Orc:3)
  4 black mambas
  An air elemental (Orc:4)
  15 spiny frogs
  2 komodo dragons
  3 fire drakes (Lair:8)
  A deep elf priest (D:13)
  A kobold demonologist (D:15)
  A hellwing (Orc:4)
  A tengu conjurer (D:14)
  3 yaktaurs (D:13)
  2 wandering mushrooms (D:8)
  4 trolls
  A catoblepas zombie (D:12)
  Sonja (Orc:4)
  18 polar bears
  The ghost of jordan the Chopper, an average DrSk (D:4)
  A boulder beetle (Lair:5)
  10 bog bodies
  Prince Ribbit (Lair:3)
  A giant leech (Swamp:2)
  6 ravens
  13 slime creatures
  A vampire (D:14)
  A fire dragon zombie (D:14)
  2 two-headed ogres (D:15)
  A wraith (D:15)
  6 deep elf magi
  15 blink frogs
  A spriggan (Swamp:2)
  A shadow (D:11)
  4 trapdoor spiders
  A hill giant zombie (D:11)
  A wyvern (D:10)
  Eustachio (D:8)
  63 yaks
  3 vampire mosquitoes (Swamp:2)
  6 hippogriffs
  17 wolves
  A warg (Orc:1)
  9 swamp worms
  2 soldier ants
  8 porcupines
  32 orc warriors
  15 water moccasins
  8 ice beasts (Orc:1)
  2 slaves (D:7)
  3 swamp drakes
  2 black bears
  A spider (D:11)
  4 necrophages (Swamp:2)
  A yellow wasp (Swamp:2)
  3 boring beetles
  2 phantoms
  The ghost of jordan the Chopper, an average DrSk (D:3)
  18 ogres
  20 centaurs
  2 sky beasts
  17 crocodiles
  A hill giant simulacrum (D:15)
  4 big kobolds
  A brain worm (D:15)
  2 cyclops zombies
  17 giant frogs
  17 insubstantial wisps
  A gnoll sergeant (D:9)
  A water moccasin zombie (D:9)
  5 killer bees
  3 scorpions
  A hippogriff skeleton (D:12)
  12 wights
  5 goliath beetles
  4 electric eels (Lair:6)
  3 jellies
  A giant frog zombie (D:5)
  A gnoll shaman (D:6)
  7 hounds
  4 crimson imps
  2 centaur skeletons
  A giant frog skeleton (D:13)
  46 orc priests
  52 orc wizards
  A two-headed ogre skeleton (D:11)
  12 iguanas
  11 worker ants
  22 sheep
  A big kobold zombie (D:13)
  A mottled dragon zombie (D:15)
  Ijyb (D:3)
  A hound skeleton (D:7)
  2 mummies (D:12)
  9 gnolls
  28 adders
  72 green rats
  2 shadow imps
  A giant mite (D:10)
  3 white imps (Lair:8)
  A worm (D:2)
  An orc zombie (Orc:4)
  An adder zombie (D:6)
  2 giant geckos
  199 orcs
  3 ball pythons
  11 bats
  A bat skeleton (D:8)
  3 giant cockroaches
  23 hobgoblins
  18 jackals
  4 quokkas
  3 giant newts
  4 giant spores
  26 goblins
  A hobgoblin skeleton (D:6)
  31 kobolds
  3 kobold zombies
  15 rats
  7 ballistomycetes
1221 creatures vanquished.

Vanquished Creatures (collateral kills)
  A neqoxec (Orc:4)
  2 orc wizards (Orc:4)
  A gnoll (D:6)
  An orc zombie (Orc:4)
  A hobgoblin (D:3)
  A rat (D:2)
7 creatures vanquished.

Vanquished Creatures (others)
  An air elemental (D:14)
  An orc warrior (Orc:3)
  A slave (D:7)
  A giant frog (D:7)
  An orc wizard (D:8)
  An orc (Orc:3)
  A bat (D:7)
  A fungus (Lair:6)
  5 plants
13 creatures vanquished.

Grand Total: 1241 creatures vanquished

Notes
Turn   | Place    | Note
--------------------------------------------------------------
     0 | D:1      | Psiweapon, the Kobold Hunter, began the quest for the Orb.
     0 | D:1      | Reached XP level 1. HP: 12/12 MP: 1/1
    45 | D:1      | Reached skill level 5 in Crossbows
   173 | D:1      | Reached skill level 1 in Short Blades
   217 | D:1      | Reached XP level 2. HP: 17/17 MP: 2/2
   846 | D:1      | Reached XP level 3. HP: 21/21 MP: 3/3
  1057 | D:2      | Noticed Ijyb
  1087 | D:3      | Noticed jordan's ghost (average DrSk)
  1106 | D:3      | Ijyb (ally) was killed
  1106 | D:3      | Your ally died
  1108 | D:3      | Killed jordan's ghost
  1108 | D:3      | Reached XP level 4. HP: 11/26 MP: 4/4
  1310 | D:2      | Reached skill level 5 in Short Blades
  1513 | D:2      | Reached XP level 5. HP: 27/30 MP: 5/5
  1564 | D:2      | Found a sparkling altar of Nemelex Xobeh.
  1869 | D:2      | Reached skill level 1 in Evocations
  2156 | D:2      | Upgraded the game from 0.16-a0-1702-gbf7a8d7 to 0.16-a0-1714-g3438503
  2489 | D:3      | Found a white marble altar of Elyvilon.
  2612 | D:3      | Noticed a sky beast
  2648 | D:3      | Killed a sky beast
  2648 | D:3      | Reached XP level 6. HP: 24/35 MP: 7/9
  2988 | D:4      | Noticed Natasha
  2991 | D:4      | Noticed jordan's ghost (average DrSk)
  3672 | D:4      | Killed jordan's ghost
  3672 | D:4      | Reached skill level 6 in Stealth
  3672 | D:4      | Reached skill level 5 in Evocations
  3672 | D:4      | Reached XP level 7. HP: 11/40 MP: 8/13
  4274 | D:5      | Entered Level 5 of the Dungeon
  4361 | D:5      | Reached XP level 8. HP: 33/44 MP: 14/14
  5022 | D:5      | Reached skill level 7 in Crossbows
  5022 | D:5      | Reached skill level 5 in Dodging
  5251 | D:6      | Found a radiant altar of Vehumet.
  5338 | D:6      | Noticed Siddhartha's ghost (experienced VSGl)
  5608 | D:6      | Found Lojoppoi's Weapon Shoppe.
  5911 | D:6      | Killed Siddhartha's ghost
  5911 | D:6      | Reached skill level 8 in Crossbows
  5911 | D:6      | Reached XP level 9. HP: 48/48 MP: 14/16
  6409 | D:6      | Reached skill level 9 in Crossbows
  7086 | D:7      | Found a staircase to the Ecumenical Temple.
  7102 | Temple   | Entered the Ecumenical Temple
  7154 | Temple   | Became a worshipper of Warmaster Okawaru
  7346 | D:7      | Upgraded the game from 0.16-a0-1714-g3438503 to 0.16-a0-1739-g740321d
  7741 | D:7      | Reached skill level 10 in Crossbows
  7771 | D:7      | Acquired Okawaru's first power
  7790 | D:7      | Noticed Pikel
  7807 | D:7      | Killed Pikel
  7807 | D:7      | Reached XP level 10. HP: 53/53 MP: 14/18
  8377 | D:8      | Found a stormy altar of Qazlal.
  8444 | D:8      | Identified Gax Pepn's Grimoire of the Frostbite
  8491 | D:7      | Learned a level 2 spell: Throw Frost
  8891 | D:8      | Reached skill level 10 in Dodging
  9438 | D:8      | Noticed Eustachio
  9450 | D:8      | Killed Eustachio
  9682 | D:9      | Got a bloodstained long sword
  9734 | D:9      | Noticed Maurice
  9750 | D:9      | Killed Maurice
  9819 | D:9      | Identified the +9 long sword of Seacw {pain, rF+} (You found it on level 9 of the Dungeon)
  9824 | D:9      | Noticed an elephant
  9847 | D:9      | Killed an elephant
  9917 | D:9      | Found a staircase to the Lair.
 10053 | D:9      | Reached XP level 11. HP: 51/57 MP: 19/19
 10110 | D:9      | Noticed Erolcha
 10364 | D:9      | Reached skill level 10 in Short Blades
 10840 | Lair:1   | Entered Level 1 of the Lair of Beasts
 10920 | Lair:1   | HP: 2/57 [poisoned by a water moccasin]
 10967 | Lair:1   | Gained mutation: Your magical capacity is low (-10% MP). [mutagenic glow]
 11251 | Lair:1   | Reached skill level 10 in Stealth
 11367 | Lair:1   | Reached skill level 1 in Long Blades
 11601 | Lair:1   | Learned a level 5 spell: Agony
 12030 | Lair:1   | Received a gift from Okawaru
 12094 | Lair:1   | Noticed Joseph
 12105 | Lair:1   | Killed Joseph
 12405 | Lair:2   | Received a gift from Okawaru
 12418 | Lair:2   | Reached skill level 5 in Fighting
 12434 | Lair:2   | Got an ichor-stained rapier
 12465 | Lair:2   | Identified the +3 rapier of Sudden Death {holy, -Cast rElec Str+2 SInv} (You found it on level 2 of the Lair of Beasts)
 13279 | Lair:3   | Received a gift from Okawaru
 13316 | Lair:3   | Reached XP level 12. HP: 70/70 MP: 16/18
 13655 | Lair:3   | Acquired Okawaru's second power
 13769 | Lair:3   | Noticed Prince Ribbit
 13786 | Lair:3   | Killed Prince Ribbit
 13787 | Lair:3   | Reached skill level 5 in Long Blades
 13808 | Lair:3   | Received a gift from Okawaru
 14298 | Lair:3   | Noticed a four-headed hydra
 14311 | Lair:3   | Killed a four-headed hydra
 14459 | Lair:3   | Noticed Erica
 14472 | Lair:3   | Killed Erica
 14826 | Lair:4   | Noticed an eight-headed hydra
 14841 | Lair:4   | Killed an eight-headed hydra
 14841 | Lair:4   | Received a gift from Okawaru
 15651 | Lair:4   | Reached skill level 11 in Crossbows
 15997 | Lair:5   | Received a gift from Okawaru
 16027 | Lair:5   | Received a gift from Okawaru
 16117 | Lair:5   | Reached XP level 13. HP: 71/81 MP: 17/18
 16265 | Lair:5   | Reached skill level 10 in Fighting
 16570 | Lair:5   | Reached skill level 12 in Crossbows
 17127 | Lair:6   | Received a gift from Okawaru
 17174 | Lair:6   | Received a gift from Okawaru
 18207 | Lair:6   | Found a staircase to the Swamp.
 18240 | Lair:6   | Reached skill level 13 in Crossbows
 18508 | Lair:6   | Found a hole to the Spider Nest.
 18779 | Lair:6   | Received a gift from Okawaru
 18780 | Lair:6   | Got a steaming dagger {god gift}
 18952 | Lair:6   | Noticed Maud
 18969 | Lair:6   | Killed Maud
 19378 | Lair:7   | Noticed Harold
 19388 | Lair:7   | Killed Harold
 19484 | Lair:7   | Received a gift from Okawaru
 19590 | Lair:7   | Received a gift from Okawaru
 19612 | Lair:7   | Reached skill level 10 in Evocations
 19824 | Lair:7   | Identified the +8 dagger of the Lair of Beasts {venom, Str+2} (Okawaru gifted it to you on level 6 of the Lair of Beasts)
 19950 | Lair:7   | Reached skill level 1 in Necromancy
 19968 | Lair:7   | Noticed Nergalle
 19981 | Lair:7   | Killed Nergalle
 19997 | Lair:7   | Reached skill level 14 in Crossbows
 20014 | Lair:7   | Reached XP level 14. HP: 88/88 MP: 24/24
 20826 | Lair:8   | Entered Level 8 of the Lair of Beasts
 20840 | Lair:8   | Received a gift from Okawaru
 20853 | Lair:8   | Found a staircase to the Slime Pits.
 20934 | Lair:7   | Identified a +0 pair of boots of running (Okawaru gifted it to you on level 8 of the Lair of Beasts)
 21564 | Lair:8   | Reached skill level 5 in Necromancy
 21684 | Lair:8   | Reached skill level 15 in Crossbows
 22070 | Lair:8   | Received a gift from Okawaru
 22077 | Lair:8   | Received a gift from Okawaru
 22153 | Lair:8   | Got an ichor-stained cloak {god gift}
 22159 | Lair:8   | Identified the +2 cloak "Omounane" {+Fly Dex+1} (Okawaru gifted it to you on level 8 of the Lair of Beasts)
 22403 | Lair:8   | Reached XP level 15. HP: 63/92 MP: 25/25
 23292 | D:9      | Killed Erolcha
 23316 | D:10     | Entered Level 10 of the Dungeon
 24048 | D:11     | Received a gift from Okawaru
 24058 | D:11     | Gained mutation: You expend magic power (6 MP) to slightly strengthen your wands. [mutagenic meat]
 24279 | D:11     | Found a staircase to the Orcish Mines.
 24567 | D:11     | Got a transparent wooden ring
 24568 | D:11     | Identified the ring "Woso Tao" {rF+ Str+3 Slay+4} (You found it on level 11 of the Dungeon)
 26672 | D:13     | Received a gift from Okawaru
 26773 | D:12     | Gained mutation: You tend to lose your temper in combat. [potion of mutation]
 26773 | D:12     | Gained mutation: Your system is resistant to poisons. [potion of mutation]
 26773 | D:12     | Gained mutation: Your spells are a little easier to cast, but a little less powerful. [potion of mutation]
 27280 | D:13     | Reached skill level 10 in Necromancy
 27788 | Lair:2   | Learned a level 3 spell: Ozocubu's Armour
 27793 | Lair:2   | Learned a level 4 spell: Condensation Shield
 28006 | Orc:1    | Entered Level 1 of the Orcish Mines
 28012 | Orc:1    | Found a frozen archway.
 28027 | Orc:1    | Reached skill level 1 in Armour
 28057 | IceCv    | Entered an ice cave
 28080 | IceCv    | Received a gift from Okawaru
 28214 | IceCv    | Received a gift from Okawaru
 28477 | IceCv    | Reached skill level 10 in Long Blades
 28674 | IceCv    | Noticed a frost giant
 28681 | IceCv    | Killed a frost giant
 28681 | IceCv    | Reached XP level 16. HP: 97/97 MP: 24/26
 30215 | Orc:1    | Upgraded the game from 0.16-a0-1739-g740321d to 0.16-a0-1761-g9575c7c
 30544 | Orc:3    | Reached skill level 1 in Ice Magic
 30731 | Orc:3    | Found a staircase to the Elven Halls.
 30832 | Orc:3    | Found a roughly hewn altar of Beogh.
 31803 | Orc:2    | Found a roughly hewn altar of Beogh.
 32038 | Orc:4    | Entered Level 4 of the Orcish Mines
 32512 | Orc:4    | Noticed Sonja
 32516 | Orc:4    | Killed Sonja
 32682 | Orc:4    | Paralysed by an orc sorcerer for 5 turns
 32701 | Orc:4    | Reached skill level 5 in Armour
 32709 | Orc:4    | Found Fronli's General Store.
 32864 | Orc:4    | Received a gift from Okawaru
 33064 | Orc:4    | Found Smuiguer's Distillery.
 33068 | Orc:4    | Found Feczipna's Weapon Shoppe.
 33076 | Orc:4    | Found Iliba's Distillery.
 33216 | Orc:4    | Bought 2 potions of brilliance for 70 gold pieces
 33216 | Orc:4    | Bought a potion of heal wounds for 42 gold pieces
 33216 | Orc:4    | Bought a potion of might for 35 gold pieces
 33216 | Orc:4    | Bought a potion of agility for 35 gold pieces
 33219 | Orc:4    | Bought a potion of heal wounds for 48 gold pieces
 33219 | Orc:4    | Bought a potion of curing for 32 gold pieces
 33219 | Orc:4    | Bought a potion of curing for 32 gold pieces
 33219 | Orc:4    | Bought a potion of might for 40 gold pieces
 33237 | Orc:4    | Bought a meat ration for 60 gold pieces
 33237 | Orc:4    | Bought a beef jerky for 18 gold pieces
 33237 | Orc:4    | Bought a scroll of blinking for 90 gold pieces
 33590 | D:13     | Received a gift from Okawaru
 33878 | D:13     | Found a gate to the Vaults.
 34005 | D:13     | Reached skill level 5 in Ice Magic
 34472 | D:14     | Reached skill level 1 in Charms
 34690 | D:14     | Received a gift from Okawaru
 35201 | D:15     | Entered Level 15 of the Dungeon
 35225 | D:15     | Found a shadowy altar of Dithmenos.
 36067 | D:13     | Reached XP level 17. HP: 102/102 MP: 26/26
 36186 | D:15     | Paralysed by an orc sorcerer for 4 turns
 36205 | D:15     | Found a staircase to the Depths.
 36404 | D:15     | Received a gift from Okawaru
 36796 | D:15     | Got a thick robe
 36851 | D:14     | Identified the +1 robe of Prurus {Str+2 Dex-2} (You found it on level 15 of the Dungeon)
 37025 | D:15     | Reached skill level 5 in Charms
 37031 | D:15     | Received a gift from Okawaru
 37632 | Swamp:1  | Entered Level 1 of the Swamp
 37685 | Swamp:1  | Received a gift from Okawaru
 38186 | Swamp:1  | Noticed Snorg
 38196 | Swamp:1  | Killed Snorg
 39338 | Swamp:2  | Received a gift from Okawaru
 40002 | Swamp:2  | Slain by a giant leech

Action                   |  1- 3 |  4- 6 |  7- 9 | 10-12 | 13-15 | 16-18 || total
-------------------------+-------+-------+-------+-------+-------+-------++-------
Melee: Short sword       |    79 |   172 |       |       |       |       ||   251
       Rapier            |       |    19 |   167 |   107 |    39 |    92 ||   424
       Long sword        |       |       |       |   164 |   416 |   351 ||   931
       Hand crossbow     |       |       |       |    12 |       |       ||    12
       Dagger            |       |       |       |   166 |   156 |   190 ||   512
       Quick blade       |       |       |       |     5 |    96 |       ||   101
 Fire: Hand crossbow     |    20 |    24 |   101 |   149 |   119 |       ||   413
       Blowgun           |       |       |    39 |    30 |       |       ||    69
       Arbalest          |       |       |       |       |   130 |       ||   130
       Triple crossbow   |       |       |       |       |    76 |   345 ||   421
Throw: Throwing net      |       |       |     1 |     2 |       |     3 ||     6
       Tomahawk          |       |       |       |    16 |     1 |       ||    17
 Cast: Ozocubu's Armour  |       |       |       |       |       |     6 ||     6
       Agony             |       |       |       |       |       |    13 ||    13
       Condensation Shie |       |       |       |       |       |     1 ||     1
Invok: Heroism           |       |       |     1 |     9 |    13 |     8 ||    31
       Finesse           |       |       |       |       |       |     1 ||     1
 Abil: Evoke Invisibilit |       |     3 |     9 |    18 |    27 |    17 ||    74
       Turn Visible      |       |       |     5 |     9 |    19 |     4 ||    37
       Evoke Flight      |       |       |       |       |       |     3 ||     3
Evoke: Wand              |     2 |     5 |     7 |    11 |     2 |     7 ||    34
       Disc of storms    |       |       |       |       |       |     7 ||     7
       Fan of gales      |       |       |       |       |       |     2 ||     2
       Lamp of fire      |       |       |       |       |       |     1 ||     1
  Use: Scroll            |       |     8 |     1 |    13 |    19 |     6 ||    47
       Potion            |       |     5 |       |     5 |     2 |     3 ||    15
 Stab: Invisible         |       |     5 |    13 |    31 |    52 |    42 ||   143
       Sleeping          |       |     1 |    10 |    58 |    95 |    67 ||   231
       Distracted        |       |       |       |     1 |     1 |     2 ||     4
       Held in net/web   |       |       |       |       |       |     1 ||     1
  Eat: Chunk             |     7 |    10 |    15 |    30 |    57 |    47 ||   166
       Beef jerky        |       |       |       |     2 |       |     1 ||     3
